Map: Magannatha LE

Players

ManlyManMeat

  • Race: Protoss Protoss
  • League: Master
  • Spawn Location: 5:00

LOCODEI - Winner!

  • Race: Zerg Zerg
  • League: Platinum
  • Spawn Location: 11:00

VOD

Have the link to the VOD?

Description

Time

  • Played on: June 13, 2025, 5:25 p.m.
  • Length: 14:30
Show
View Real Time Build Order
Export as new Build Order

ManlyManMeat Protoss 

Build Orders: 1 Gate Expand 

Get SALT Encoding   

  12  0:00  Probe  
  13  0:12  Probe  
  14  0:19  Pylon  
  14  0:24  Probe  
  15  0:33  Probe  
  16  0:43  Probe  
  16  0:46  Gateway  
  17  0:56  Probe  
  17  1:00  Assimilator  
  18  1:08  Probe  
  18  1:26  Nexus  
  18  1:44  Cybernetics Core  
  18  1:48  Gateway  
  18  1:51  Probe  
  19  2:12  Pylon  
  19  2:13  Gateway  
  19  2:15  Zealot  
  19  2:28  Zealot  
  21  2:32  Pylon  
  24  3:02  Warp Gate  
  24  3:03  Probe  
  24  3:07  Stalker, Probe  
  24  3:08  Stalker  
  26  3:15  Probe  
  26  3:19  Probe  
  28  3:27  Probe  
  28  3:31  Shield Battery, Probe  
  30  3:38  Robotics Facility  
  30  3:39  Probe  
  31  3:42  Stalker  
  31  3:43  Pylon, Probe  
  32  3:59  Zealot  
  34  4:08  Stalker  
  34  4:13  Gateway  
  34  4:15  Forge  
  34  4:16  Probe x2  
  36  4:19  Assimilator  
  38  4:28  Probe  
  43  4:38  Warp Prism  
  41  4:48  Probe  
  41  4:51  Gateway, Probe  
  43  4:56  Probe  
  43  5:03  Probe  
  43  5:05  Protoss Shields Level 1  
  43  5:07  Zealot x2  
  49  5:14  Pylon  
  49  5:16  Probe x2  
  52  5:28  Gateway, Probe  
  52  5:30  Gateway  
  52  5:37  Gateway  
  52  5:39  Gateway  
  52  5:45  Gateway  
  52  5:52  Immortal  
  56  6:06  Zealot x3  
  60  6:23  Immortal  
  56  6:28  Probe  
  59  7:03  Zealot  
  59  7:08  Nexus  
  61  7:21  Immortal  
  61  7:38  Nexus  
  61  7:47  Nexus  
  61  7:49  Pylon  
  61  7:52  Pylon  
  61  7:55  Pylon  
  61  7:56  Pylon  
  61  8:02  Pylon  
  61  8:04  Pylon x2  
  61  8:13  Immortal  
  65  8:22  Protoss Ground Weapons Level 1  
  65  8:37  Pylon  
  65  8:39  Pylon  
  65  8:41  Pylon  
  61  8:50  Probe  
  61  8:53  Immortal, Probe x2  
  68  8:58  Probe  
  68  8:59  Probe  
  70  9:03  Stalker x5  
  70  9:04  Stalker  
  70  9:05  Probe x2  
  70  9:08  Probe  
  84  9:10  Assimilator  
  84  9:11  Probe  
  84  9:13  Assimilator  
  84  9:14  Assimilator  
  84  9:16  Assimilator  
  86  9:17  Probe  
  86  9:18  Pylon  
  86  9:20  Stalker  
  89  9:32  Immortal  
  93  9:38  Pylon  
  93  9:42  Probe  
  94  9:48  Probe x3  
  97  9:54  Probe  
  97  9:58  Robotics Facility  
  98  10:00  Probe  
  99  10:10  Immortal, Zealot x7  
  117  10:14  Protoss Ground Armor Level 1  
  103  10:21  Zealot  
  105  10:32  Robotics Bay  
  105  10:34  Twilight Council  
  105  10:40  Immortal, Probe x4  
  113  10:52  Probe x2  
  115  11:13  Immortal  
  115  11:15  Zealot x7  
  133  11:20  Immortal  
  137  11:30  Probe x2  
  137  11:31  Probe x2  
  141  11:34  Pylon  
  141  11:37  Forge  
  141  11:42  Probe  
  141  11:43  Probe x3  
  141  11:46  Immortal  
  143  11:49  Forge  
  147  11:54  Probe  
  147  11:55  Probe x2  
  147  11:59  Protoss Shields Level 2, Immortal  
  147  12:00  Templar Archives  
  154  12:01  Pylon  
  154  12:06  Charge  
  154  12:19  Probe x2  
  154  12:20  Assimilator  
  154  12:22  Assimilator  
  156  12:24  Shield Battery x2  
  156  12:26  Photon Cannon  
  154  12:45  Zealot x7  
  172  12:59  Observer  
  171  13:17  Observer, Zealot  
  170  13:23  Zealot x6  
  154  13:53  Zealot  
  154  13:54  Zealot x4  
  133  13:58  Nexus  
  81  14:14  Zealot x6  
Show
View Real Time Build Order
Export as new Build Order

LOCODEI Zerg - Winner!

Build Orders: Pool First, Lurkers 

Get SALT Encoding   

  12  0:01  Drone  
  13  0:08  Drone  
  14  0:14  Extractor  
  14  0:15  Drone  
  15  0:22  Overlord  
  15  0:40  Spawning Pool  
  15  0:42  Drone  
  15  0:46  Drone  
  16  0:50  Drone  
  17  1:15  Hatchery  
  16  1:27  Zergling x4  
  16  1:28  Zergling x2  
  19  1:36  Queen  
  21  1:40  Drone  
  22  1:49  Overlord  
  22  1:56  Extractor  
  21  2:12  Drone  
  21  2:14  Hatchery  
  20  3:02  Zergling x8  
  20  3:03  Queen  
  26  3:05  Drone x2  
  26  3:06  Drone x2  
  26  3:10  Drone  
  30  3:17  Roach Warren  
  29  3:20  Extractor  
  29  3:25  Zergling x6  
  31  3:28  Drone  
  31  3:30  Drone  
  33  3:37  Drone  
  33  3:38  Evolution Chamber  
  33  3:46  Drone x3  
  33  4:07  Zerg Melee Weapons Level 1  
  33  4:08  Drone x5  
  33  4:09  Drone  
  39  4:18  Queen  
  41  4:24  Overlord  
  41  4:33  Spore Crawler  
  40  4:41  Drone  
  40  4:42  Drone, Spore Crawler  
  40  4:45  Roach x2  
  45  4:48  Roach  
  47  4:54  Drone  
  47  4:55  Drone  
  47  4:58  Overlord  
  49  5:04  Lair  
  49  5:12  Overlord x2  
  49  5:18  Drone  
  49  5:19  Drone x2  
  52  5:25  Ravager  
  52  5:26  Ravager  
  54  5:29  Roach  
  54  5:34  Drone  
  54  5:35  Drone x4  
  61  5:37  Extractor  
  60  5:45  Drone  
  60  5:47  Drone x4  
  60  5:49  Spore Crawler  
  64  5:53  Evolution Chamber  
  63  5:58  Spine Crawler  
  63  6:01  Zerg Ground Armor Level 1  
  60  6:23  Drone  
  60  6:24  Drone x8  
  69  6:49  Drone  
  69  6:50  Drone x4  
  69  6:51  Overlord x3  
  69  6:52  Overlord  
  74  6:56  Hydralisk Den  
  67  7:29  Roach x12  
  93  7:30  Roach  
  93  7:35  Spine Crawler  
  93  7:36  Spine Crawler, Spore Crawler  
  88  7:37  Drone x2  
  90  7:45  Hydralisk x4  
  90  7:46  Hydralisk  
  90  7:51  Queen  
  102  7:52  Overlord  
  102  7:53  Overlord  
  102  8:10  Overseer  
  102  8:13  Overseer  
  102  8:15  Overlord  
  102  8:16  Overlord x4  
  102  8:18  Overseer x2  
  102  8:19  Hydralisk  
  104  8:21  Zergling x14  
  104  8:26  Ravager  
  112  8:45  Zerg Missile Weapons Level 1  
  112  8:49  Drone x9  
  112  8:51  Extractor  
  112  8:53  Extractor  
  119  9:00  Infestation Pit  
  118  9:03  Zergling x2  
  118  9:04  Zergling x4, Spore Crawler  
  118  9:06  Extractor  
  118  9:09  Queen  
  121  9:20  Overlord x6  
  121  9:37  Infestor x2  
  125  9:39  Zergling x2  
  125  9:40  Zergling x10  
  131  9:48  Hive  
  131  9:55  Drone  
  131  9:56  Drone x4, Hatchery  
  135  10:02  Drone  
  136  10:20  Hydralisk x7  
  148  10:35  Hatchery  
  147  10:40  Spire  
  146  10:46  Lurker Den  
  145  10:53  Drone x2  
  145  10:54  Drone x8  
  145  10:55  Extractor  
  154  11:01  Extractor, Spore Crawler x2  
  151  11:07  Drone x5  
  151  11:09  Drone  
  151  11:10  Queen  
  159  11:11  Overlord  
  159  11:28  Drone x3  
  159  11:29  Drone x3  
  165  11:35  Ultralisk Cavern  
  165  11:38  Zerg Ground Armor Level 2  
  165  11:39  Zerg Melee Weapons Level 2  
  164  11:47  Spine Crawler  
  164  11:48  Spine Crawler  
  164  11:49  Drone x3  
  165  11:56  Lurker x5  
  170  12:01  Baneling Nest, Hatchery  
  170  12:03  Neural Parasite  
  170  12:07  Drone x3  
  170  12:08  Drone x2  
  173  12:09  Overlord x2  
  173  12:22  Ultralisk, Evolution Chamber  
  178  12:23  Ultralisk  
  178  12:25  Zergling x2  
  178  12:26  Zergling x24  
  197  12:39  Corruptor  
  197  12:42  Zergling x2  
  200  12:47  Hatchery  
  199  12:53  Greater Spire  
  196  13:26  Zergling x2  
  199  13:27  Zergling x6  
  165  13:59  Zergling x4  
  165  14:00  Zergling x32  
Tags
 
Add a new tag
Caveats
  • Supply blocks, unpowered buildings, or Contaminate may cause inaccurate times.
  • Supply counts are checked every 10 seconds.